 Dungeon Crawl Stone Soup version 0.28-a0-239-g68911e0c57 (webtiles) character file.

Game seed: 15050260721594074888

12890 siradein the Basher (level 11, -2/81 HPs)
             Began as a Demonspawn Berserker on Aug 24, 2021.
             Was a Priest of Trog.
             Shot with an arrow by a centaur warrior (14 damage)
             ... on level 11 of the Dungeon.
             The game lasted 00:36:27 (14462 turns).

siradein the Basher (Demonspawn Berserker)         Turns: 14462, Time: 00:36:28

Health: -2/81      AC: 16    Str: 27    XL:     11   Next: 68%
Magic:  11/11      EV: 12    Int:  9    God:    Trog [***...]
Gold:   762        SH:  3    Dex: 16    Spells: 10/10 levels left

rFire   + . .      SeeInvis .   U - +0 morningstar
rCold   . . .      Faith    +   w - +0 buckler
rNeg    + . .      Spirit   .   R - +0 swamp dragon scales
rPois   +          Reflect  .   s - +0 helmet
rElec   .          Harm     .   N - +2 cloak
rCorr   .          Rampage  .   (no gloves)
Will    ++...                   (no boots)
Stlth   +.........              O - amulet of Owaelar {Faith rN+ Dex+4 Slay+4}
HPRegen 1.23/turn               J - +6 ring of strength
MPRegen 0.12/turn               (no ring)

@: strong-willed, on berserk cooldown, regenerating, slowed, very slow
A: claws 1, molten scales 3, powered by pain 1, demonic magic 1
a: Renounce Religion, Berserk, Trog's Hand


You were on level 11 of the Dungeon.
You worshipped Trog.
Trog was most pleased with you.
You visited 1 branch of the dungeon, and saw 11 of its levels.
You also visited: Sewer.

You collected 762 gold pieces.

Inventory:

Hand Weapons
 F - the +5 long sword "Anotzar" {vorpal, rF+}
   (You found it on level 6 of the Dungeon)

   It inflicts extra damage upon your enemies.
   rF:        It protects you from fire.
 U - a +0 morningstar (weapon)
Missiles
 j - 27 poisoned darts (quivered)
 A - 13 curare-tipped darts
 P - 2 throwing nets
 S - 6 atropa-tipped darts
Armour
 g - a +0 tower shield
 s - a +0 helmet (worn)
 w - a +0 buckler (worn)
 N - a +2 cloak (worn)
 Q - a +1 scale mail of willpower
 R - +0 swamp dragon scales (worn)
Jewellery
 H - an amulet of reflection
 J - a +6 ring of strength (left claw)
 O - the amulet of Owaelar (around neck) {Faith rN+ Dex+4 Slay+4}
   (You found it on level 9 of the Dungeon)

   [amulet of faith]

   It allows you to gain divine favour quickly.
   Dex:       It affects your dexterity (+4).
   Slay:      It affects your accuracy & damage with ranged weapons and melee
   (+4).
   rN:        It protects you from negative energy.
Wands
 t - a wand of polymorph (17)
 u - a wand of charming (10)
 y - a wand of acid (9)
 z - a wand of iceblast (21)
 D - a wand of flame (29)
 E - a wand of mindburst (11)
Scrolls
 a - 2 scrolls of enchant armour {unknown}
 d - a scroll of summoning {unknown}
 k - 6 scrolls of teleportation
 l - 2 scrolls of fear
 p - a scroll of blinking {unknown}
 q - 2 scrolls of vulnerability {unknown}
 v - a scroll of enchant weapon {unknown}
 x - a scroll of noise {unknown}
 B - 2 scrolls of immolation {unknown}
 C - a scroll of holy word {unknown}
 L - 2 scrolls of identify
 T - a scroll of amnesia {unknown}
Potions
 b - a potion of attraction
 c - 4 potions of curing {unknown}
 e - 6 potions of heal wounds
 f - 3 potions of brilliance {unknown}
 h - a potion of resistance {unknown}
 i - 4 potions of mutation {unknown}
 m - 5 potions of haste {unknown}
 n - a potion of experience {unknown}
 o - a potion of might
 r - a potion of magic {unknown}
 I - a potion of lignification {unknown}
 K - 4 potions of flight {unknown}
 M - a potion of degeneration {unknown}


   Skills:
 + Level 5.7 Fighting
 - Level 3.5 Long Blades
 + Level 14.0 Maces & Flails
 + Level 4.7 Armour
 + Level 4.7 Dodging
 + Level 4.7 Evocations


You had 10 spell levels left.
You didn't know any spells.
Your spell library was empty.

Dungeon Overview and Level Annotations

Branches:
Dungeon (11/15)            Temple (0/1) D:5            Lair (0/6) D:9
  Sewer (visited)
    Orc: D:9-12

Altars:
Dithmenos
Fedhas
Makhleb
Ru
Trog
Wu Jian
Yredelemnul
The Shining One

Shops:
D:4 :   D:9 ?

Annotations:
D:10 3 runed translucent doors, swinepaste's ghost, journeyman HOFE


Innate Abilities, Weirdness & Mutations

You have sharp fingernails.
You are completely covered in molten scales. (AC +4, rF+)
You sometimes gain a little power by taking damage.
Spells you cast may paralyse adjacent enemies.


Message History

The manticore claws you but does no damage.
You puncture the manticore!
The manticore is severely wounded.
You thump the manticore!
The manticore is almost dead.
The manticore bites you!
* * * LOW HITPOINT WARNING * * *
The manticore claws you but does no damage.
The manticore barely misses you.
You impale the manticore!!
You kill the manticore!
Trog accepts your kill.
You start resting.
You feel a strong urge to attack something.
The barbs in your skin will harm you if you move.
Continue? [Y]es or [N]o only, please.
The barbs in your skin will harm you if you move.
Continue? [Y]es or [N]o only, please.
The barbs in your skin will harm you if you move.
Continue?
Okay, then.
You start resting.
You feel your anger nearly subside.
You are no longer berserk.
You are exhausted.
You feel yourself slow down.
The barbs in your skin will harm you if you move.
Continue?
Okay, then.
You start resting.
You carefully extract the barbed spikes from your body.
A cane toad comes into view.
The cane toad moves out of view.
A centaur warrior comes into view.
Things that are here:
2 large rocks; a cyclops corpse The centaur warrior wields a +3 vorpal shortbow.
The centaur warrior shoots an arrow.
The arrow hits you!
* * * LOW HITPOINT WARNING * * *
x2 You hear a shout! x2
You hear a croak.
The centaur warrior shoots an arrow.
The arrow hits you!
You die...

|..###......).........# #..
.###..............#
###..♣...###............##
#..♣H......###............
##♣....♣.# #..###..........
.♣....P...# #....###.......#
.....♣..♣.#.#..............#
♣..c.......#).....#.......#
##♣....♣####.@#..##.......#
##♣..c†.(...#..##.......#
##♣...#..#..#.#.......#
#...#..#..#.#.......#
..###..#..#..#.......# ....
####..#..#........ .....
###...# ..... ##..# .....
###.


You could see a centaur warrior.

Vanquished Creatures
  Harold (D:10)
  A two-headed ogre (D:10)
  3 death yaks
  An orc knight (D:11)
  A manticore (D:11)
  A cyclops (D:11)
  Joseph (D:7)
  A gargoyle (D:11)
  Maggie (D:10)
  3 trolls
  Grinder (D:4)
  A wraith (D:8)
  A tarantella (shapeshifter) (D:11)
  9 yaks
  Sigmund (D:6)
  A shadow (D:11)
  A wyvern (D:10)
  3 steam dragons
  3 vampire mosquitoes (D:10)
  A black bear (D:6)
  A hornet zombie (D:7)
  2 ice beasts (D:5)
  2 orc warriors
  2 ogres (D:6)
  A necrophage (D:7)
  3 centaurs
  A phantom (D:5)
  3 kobold brigands
  8 bullfrogs
  2 scorpions (D:6)
  A wyvern skeleton (D:6)
  2 water moccasin skeletons
  6 wights
  4 bullfrog zombies
  A jelly (D:5)
  A bullfrog skeleton (D:6)
  7 centaur zombies
  4 hounds
  6 orc wizards
  A howler monkey zombie (D:10)
  11 gnolls
  7 adders
  A howler monkey skeleton (D:7)
  9 river rats
  A white imp (D:6)
  3 ufetubi (D:7)
  2 worms
  5 dart slugs
  19 orcs
  19 ball pythons
  3 bats
  3 endoplasms
  3 giant cockroaches
  5 goblins
  7 hobgoblins
  5 jackals (D:2)
  4 quokkas
  4 frilled lizards
  19 kobolds
  26 rats
250 creatures vanquished.

Vanquished Creatures (others)
  A wizard (D:8)
  2 plants (D:11)
3 creatures vanquished.

Grand Total: 253 creatures vanquished

Notes
Turn   | Place    | Note
-------+----------+-------------------------------------------
     0 | D:1      | siradein the Demonspawn Berserker began the quest for the
                  | Orb.
     0 | D:1      | Reached XP level 1. HP: 18/18 MP: 1/1
    92 | D:1      | Reached skill level 3 in Maces & Flails
   140 | D:1      | Gained mutation: You are partially covered in molten
                  | scales. (AC +2) [demonic ancestry]
   140 | D:1      | Reached XP level 2. HP: 24/24 MP: 2/2
  1039 | D:2      | Found a faded altar of an unknown god.
  1086 | D:2      | Reached XP level 3. HP: 25/29 MP: 3/3
  1257 | D:2      | Reached ** piety under Trog
  1258 | D:2      | Reached skill level 4 in Maces & Flails
  1514 | D:2      | Reached XP level 4. HP: 29/35 MP: 4/4
  1558 | D:2      | Reached skill level 5 in Maces & Flails
  2240 | D:3      | Found a glowing drain.
  2252 | D:3      | Gained mutation: You sometimes gain a little power by
                  | taking damage. [demonic ancestry]
  2252 | D:3      | Reached XP level 5. HP: 41/41 MP: 5/5
  2256 | Sewer    | Entered a sewer
  3054 | Sewer    | Reached skill level 6 in Maces & Flails
  3301 | Sewer    | Gained mutation: You are mostly covered in molten scales.
                  | (AC +3) [demonic ancestry]
  3301 | Sewer    | Reached XP level 6. HP: 24/47 MP: 6/6
  3306 | Sewer    | Reached *** piety under Trog
  3807 | D:3      | Reached skill level 7 in Maces & Flails
  4416 | D:4      | Noticed a steam dragon
  4432 | D:4      | Killed a steam dragon
  4433 | D:4      | Reached XP level 7. HP: 15/52 MP: 7/7
  4658 | D:3      | HP: 2/52 [poisoned by an orc]
  5435 | D:4      | Noticed Grinder
  5463 | D:4      | Killed Grinder
  5464 | D:4      | Reached skill level 8 in Maces & Flails
  5598 | D:4      | Found Boakidaq's Book Shop.
  5842 | D:5      | Entered Level 5 of the Dungeon
  5878 | D:5      | Reached skill level 9 in Maces & Flails
  5878 | D:5      | Gained mutation: You are completely covered in molten
                  | scales. (AC +4, rF+) [demonic ancestry]
  5878 | D:5      | Reached XP level 8. HP: 43/58 MP: 8/8
  6402 | D:5      | Found a staircase to the Ecumenical Temple.
  7190 | D:6      | Reached skill level 10 in Maces & Flails
  7552 | D:6      | Identified the +5 long sword "Anotzar" {vorpal, rF+}
  7678 | D:6      | Reached skill level 1 in Long Blades
  7871 | D:6      | Gained mutation: You have sharp fingernails. [demonic
                  | ancestry]
  7871 | D:6      | Reached XP level 9. HP: 63/63 MP: 9/9
  8126 | D:6      | Noticed Sigmund
  8132 | D:6      | Killed Sigmund
  8453 | D:6      | Reached skill level 11 in Maces & Flails
  9047 | D:7      | Found an ornate altar of the Wu Jian Council.
  9048 | D:7      | Found a burning altar of Makhleb.
  9049 | D:7      | Found a shadowy altar of Dithmenos.
  9073 | D:7      | Reached **** piety under Trog
  9261 | D:7      | Noticed Joseph
  9275 | D:7      | Killed Joseph
  9276 | D:7      | Reached skill level 12 in Maces & Flails
  9378 | D:7      | Noticed a troll
  9386 | D:7      | Killed a troll
  9829 | D:8      | Found a bloodstained altar of Trog.
  9856 | D:8      | Gained mutation: Spells you cast may paralyse adjacent
                  | enemies. [demonic ancestry]
  9856 | D:8      | Reached XP level 10. HP: 39/64 MP: 10/10
 10009 | D:8      | Noticed a wizard
 10011 | D:8      | Killed a wizard
 10042 | D:8      | Found a blossoming altar of Fedhas.
 11218 | D:9      | Found Hyriqoum's Magic Scroll Shoppe.
 11224 | D:9      | Identified the amulet of Owaelar {Faith rN+ Dex+4 Slay+4}
 11267 | D:9      | Reached skill level 13 in Maces & Flails
 11298 | D:9      | Noticed a death yak
 11355 | D:8      | Killed a death yak
 11995 | D:9      | Found a staircase to the Lair.
 12064 | D:9      | Noticed a death yak
 12070 | D:9      | Noticed a death yak
 12082 | D:9      | Killed a death yak
 12083 | D:9      | Reached skill level 14 in Maces & Flails
 12458 | D:8      | Killed a death yak
 12459 | D:8      | Reached skill level 1 in Evocations
 12705 | D:10     | Entered Level 10 of the Dungeon
 12705 | D:10     | Noticed Harold
 12721 | D:10     | Killed Harold
 12722 | D:10     | Reached XP level 11. HP: 72/77 MP: 11/11
 13186 | D:10     | Noticed Maggie
 13199 | D:10     | Killed Maggie
 13524 | D:10     | Found a runed translucent gate.
 13524 | D:10     | Found a runed translucent gate.
 13524 | D:10     | Found a runed translucent gate.
 13524 | D:10     | Noticed swinepaste's ghost (journeyman HOFE)
 13526 | D:10     | Found a basalt altar of Yredelemnul.
 13541 | D:10     | Reached skill level 5 in Fighting
 13614 | D:10     | Found a sacrificial altar of Ru.
 13649 | D:10     | Noticed a two-headed ogre
 13658 | D:10     | Killed a two-headed ogre
 13971 | D:11     | Noticed a harpy
 13976 | D:11     | a harpy changed into a tarantella
 14384 | D:11     | Noticed an orc knight
 14385 | D:11     | Noticed a boulder beetle
 14393 | D:11     | Killed an orc knight
 14459 | D:11     | Noticed a centaur warrior
 14462 | D:11     | Shot with an arrow by a centaur warrior

Illustrated notes

Levels and vault maps discovered:
D:1:      mushboom_english_gardens, layout_basic
D:2:      layout_basic, ebering_ecumenical_altar_hall, minivault_14,
          cheibrodos_gnoll_hut
D:3:      layout_basic, portal_sewer_entry_e, kennysheep_donut
D:4:      layout_rooms, serial_shops, nicolae_shop_waterfront, uniq_grinder
D:5:      cheibrodos_thug_alley, layout_cave_pods,
          minmay_temple_entry_gardened_gates, small_statue_intersection
D:6:      layout_basic, minmay_misc_feat_tower, chequers_serial_rivers_micro_d,
          uniq_sigmund
D:7:      layout_basic, chequers_temple_overflow_statue_of_worship,
          nrook_mini_backslash, uniq_joseph
D:8:      layout_basic, nicolae_tso_carved_into_rock, amcnicky_altar_gilded,
          trog_wizard
D:9:      layout_cave_pools, dpeg_lair_monsters, serial_shops,
          nicolae_shop_waterfront
D:10:     layout_loops_cross, mainiacjoe_overflow_alcove_4,
          nicolae_yredelemnul_ghost_church, uniq_maggie, uniq_harold
D:11:     minmay_the_grid_triangle_9x9_rhombus_thin_mashed
          [minmay_the_grid_triangle_9x9_shrine,
          minmay_the_grid_triangle_9x9_prize_schism,
          minmay_the_grid_triangle_9x9_odd_lines,
          minmay_the_grid_triangle_9x9_intruding_spiral], layout_irregular_city,
          orc_0_dummy

Skill      XL: |  1  2  3  4  5  6  7  8  9 10 11 |
---------------+----------------------------------+-----
Maces & Flails | 3 4 5 6 7 9 10 12 14 | 14.0
Long Blades    | 2 3 |  3.5
Armour         | 3 4 |  4.7
Dodging        | 3 4 |  4.7
Evocations     | 2 4 |  4.7
Fighting       | 4 5 |  5.7

Action                   |  1- 3 |  4- 6 |  7- 9 | 10-12 || total
-------------------------+-------+-------+-------+-------++-------
Melee: Mace              |    95 |   241 |    95 |       ||   431
       Rapier            |       |       |    71 |       ||    71
       Flail             |       |       |   257 |   300 ||   557
       Long sword        |       |       |    31 |       ||    31
       Morningstar       |       |       |       |    16 ||    16
Throw: Dart              |       |       |       |     6 ||     6
Invok: Trog's Hand       |     1 |     5 |     9 |    10 ||    25
       Berserk           |       |     9 |     7 |    12 ||    28
  Use: Scroll            |       |     5 |       |     1 ||     6
Armor: Chain mail        |    12 |       |   116 |       ||   128
       Leather armour    |    26 |   113 |     9 |       ||   148
       Scale mail        |       |       |    19 |    10 ||    29
       Plate armour      |       |       |   134 |   139 ||   273
       Swamp dragon scal |       |       |       |    48 ||    48
Dodge: Dodged            |    50 |   184 |   166 |   127 ||   527
Block: Buckler           |       |       |    13 |    45 ||    58
       Rpst.: Long sword |       |       |     4 |       ||     4

Table legend: (Time is in decaauts)
 A = Elapsed time spent in this place.
 B = Non-inter-level travel time spent in this place.
 C = Inter-level travel time spent in this place.
 D = Time resting spent in this place.
 E = Time spent auto-exploring this place.
 F = Levels seen in this place.
 G = Mean time per level.
                   A        B        C        D        E       F      G
               +--------+--------+--------+--------+--------+-----+--------+
         Total |  14756 |  14484 |    272 |   3021 |   8471 |  12 | 1229.7 |
       Dungeon |  13299 |  13027 |    272 |   2167 |   8169 |  11 | 1209.0 |
         Sewer |   1457 |   1457 |      0 |    854 |    301 |   1 | 1457.0 |
               +--------+--------+--------+--------+--------+-----+--------+

Top non-repeatable levels by time:
     D:8: 2232 daAuts
     D:6: 1581 daAuts
     D:3: 1498 daAuts
   Sewer: 1457 daAuts
    D:10: 1439 daAuts
     D:2: 1266 daAuts
     D:5: 1228 daAuts
     D:9: 980 daAuts
     D:7: 950 daAuts
     D:4: 931 daAuts
     D:1: 902 daAuts
    D:11: 288 daAuts
